 Dungeon Crawl Stone Soup version 0.21.1-1-g345015f (webtiles) character file.

210 microfolk the Changer (level 5, 0/45 HPs)
             Began as a Draconian Transmuter on May 12, 2018.
             Succumbed to a gnoll's poison
             ... on level 3 of the Dungeon.
             The game lasted 00:06:02 (3407 turns).

microfolk the Changer (Draconian Transmuter)        Turns: 3407, Time: 00:06:03

Health: 0/45       AC:  5    Str:  9 (12) XL:     5   Next: 56%
Magic:  8/8        EV: 12    Int: 13 (14) God:
Gold:   142        SH:  0    Dex:  9 (12) Spells: 2/8 levels left

rFire    . . .     SeeInvis .     - Unarmed
rCold    . . .     Gourm    .   (no shield)
rNeg     . . .     Faith    .   (armour unavailable)
rPois    .         Spirit   .   (helmet restricted)
rElec    .         Reflect  .   (no cloak)
rCorr    .         Harm     .   (no gloves)
MR       .....                  (no boots)
Stlth    +.........             (no amulet)
HPRegen  0.15/turn              (no ring)
MPRegen  0.11/turn              (no ring)

@: lethally poisoned (0 -> -11), berserk cooldown, flying, slowed, very slow
A: unfitting armour, big wings, screaming 1, cold-blooded, AC +5
a: Stop Flying


You were on level 3 of the Dungeon.
You were not hungry.

You visited 1 branch of the dungeon, and saw 3 of its levels.

You collected 142 gold pieces.

Inventory:

Missiles
 a - 49 arrows
 k - 63 stones (quivered)
Jewellery
 g - a cursed ring of teleportation {unknown}
Scrolls
 e - 4 scrolls of remove curse
 f - a scroll of enchant weapon {unknown}
 l - 2 scrolls of amnesia {unknown}
 m - 2 scrolls of teleportation {unknown}
Potions
 d - a potion of resistance
Books
 b - a book of Changes

   Spells                             Type                      Level
   a - Beastly Appendage              Transmutation                1
   b - Sticks to Snakes               Transmutation                2
   c - Spider Form                    Transmutation/Poison         3
   d - Ice Form                       Ice/Transmutation            4
   e - Blade Hands                    Transmutation                5
Comestibles
 c - 11 rations
 h - 5 chunks of flesh


   Skills:
 + Level 3.1 Fighting
 - Level 1.7 Dodging
 + Level 4.0 Unarmed Combat
 - Level 2.0 Spellcasting
 * Level 4.4 Transmutations


You had 2 spell levels left.
You knew the following spells:

 Your Spells              Type           Power        Failure   Level  Hunger
a - Beastly Appendage     Tmut           ##....       4%          1    ##.....
b - Sticks to Snakes      Tmut           ##......     6%          2    ###....
c - Spider Form           Tmut/Pois      #.........   30%         3    ####...


Dungeon Overview and Level Annotations

Branches:
Dungeon (3/15)

Altars:

Annotations:
D:2 Sigmund
D:3 exclusion: 4 doors


Innate Abilities, Weirdness & Mutations

Your plain brown scales are hard. (AC +5)
You cannot fit into any form of body armour.
You are cold-blooded and may be slowed by cold attacks.
Your large and strong wings let you fly indefinitely.
You occasionally shout uncontrollably at your foes.


Message History

You hear a splash.
* * * LOW HITPOINT WARNING * * *
You feel sick.
You barely miss the jackal.
* * * LOW HITPOINT WARNING * * *
You feel sick.
The jackal splashes around in the water.
You punch the jackal!
You kill the jackal!
* * * LOW HITPOINT WARNING * * *
You feel sick.
The gnoll shaman calls down the wrath of its god upon you.
You resist with some effort.
* * * LOW HITPOINT WARNING * * *
You feel sick.
You feel a strong urge to attack something.
You are no longer berserk.
You are exhausted.
You feel yourself slow down.
You die...

###################
.P................#
..........@..P....#
≈≈≈≈≈≈≈≈≈≈≈≈≈≈....#
≈≈≈≈≈≈≈≈≈≈≈≈≈≈....#
≈≈≈≈≈≈g#####≈≈....#
.......#gg.#≈≈....#
######'#...#≈≈P...#
..#'###≈≈....#
..#.#.≈≈≈....#
...#.#.≈≈≈..P.#


You could see a gnoll shaman and 2 gnolls.

Vanquished Creatures
  Terence (D:3)
  8 gnolls (D:3)
  2 adders
  3 leopard geckos (D:2)
  An orc (D:3)
  2 ball pythons (D:3)
  4 bats
  4 giant cockroaches
  7 goblins
  6 hobgoblins
  14 jackals
  2 quokkas (D:2)
  A frilled lizard (D:2)
  4 kobolds
  4 rats
63 creatures vanquished.

Vanquished Creatures (collateral kills)
  An adder (D:2)
  2 gnolls (D:3)
3 creatures vanquished.

Grand Total: 66 creatures vanquished

Notes
Turn   | Place    | Note
-------+----------+-------------------------------------------
     0 | D:1      | microfolk the Draconian Transmuter began the quest for the Orb.
     0 | D:1      | Reached XP level 1. HP: 16/16 MP: 3/3
   414 | D:1      | Reached XP level 2. HP: 22/23 MP: 3/5
   418 | D:1      | Learned a level 2 spell: Sticks to Snakes
   951 | D:2      | Noticed Sigmund
   977 | D:2      | Gained mutation: You occasionally shout uncontrollably at your foes. [potion of mutation]
   977 | D:2      | Gained mutation: Your large and strong wings let you fly indefinitely. [potion of mutation]
  1193 | D:2      | Reached XP level 3. HP: 17/29 MP: 0/6
  1206 | D:2      | Learned a level 3 spell: Spider Form
  2145 | D:3      | Reached XP level 4. HP: 33/36 MP: 7/7
  3309 | D:3      | Noticed Terence
  3337 | D:3      | Reached XP level 5. HP: 40/42 MP: 8/8
  3383 | D:3      | Killed Terence
  3403 | D:3      | HP: 3/67 [poisoned by a gnoll]
  3405 | D:3      | HP: 1/67 [poisoned by a gnoll]
  3407 | D:3      | Succumbed to a gnoll's poison

Skill      XL: |  1  2  3  4  5 |
---------------+----------------+-----
Fighting       | 2 3 |  3.1
Transmutations | 3 4 |  4.4
Unarmed Combat | 4 |  4.0
Dodging        | |  1.7
Spellcasting   | |  2.0

Action                   |  1- 3 |  4- 6 || total
-------------------------+-------+-------++-------
Melee: Unarmed           |   123 |   123 ||   246
       Tailslap          |    10 |     6 ||    16
       Kick              |     6 |     7 ||    13
       Headbutt          |     6 |     4 ||    10
       Punch             |     1 |     2 ||     3
Throw: Stone             |     3 |     1 ||     4
 Cast: Beastly Appendage |    19 |     9 ||    28
       Sticks to Snakes  |     1 |     3 ||     4
 Abil: Fly               |     1 |       ||     1
  Use: Potion            |     5 |     2 ||     7
       Scroll            |     1 |       ||     1
 Stab: Sleeping          |     1 |       ||     1
  Eat: Chunk             |     1 |     5 ||     6
       Ration            |     1 |       ||     1
Armor: Skin              |    41 |    38 ||    79
Dodge: Dodged            |    95 |    63 ||   158
